 Dungeon Crawl Stone Soup version 0.22.1-1-ga44c0e5 (webtiles) character file.

233 aMcNicky the Chopper (level 6, -18/55 HPs)
             Began as a Hill Orc Fighter on Oct 5, 2018.
             Killed from afar by Ijyb (23 damage)
             ... with a wand of acid (7)
             ... on level 3 of the Dungeon.
             The game lasted 00:05:18 (3056 turns).

aMcNicky the Chopper (Hill Orc Fighter)             Turns: 3056, Time: 00:05:19

Health: -18/55     AC:  3    Str: 21    XL:     6   Next: 4%
Magic:  6/6        EV:  7    Int:  8    God:
Gold:   180        SH:  9    Dex: 10    Spells: 5/5 levels left

rFire    . . .     SeeInvis .   a - +0 war axe
rCold    . . .     Gourm    .   c - +0 shield
rNeg     . . .     Faith    .   b - +0 scale mail
rPois    .         Spirit   .   (no helmet)
rElec    .         Reflect  .   (no cloak)
rCorr    .         Harm     .   (no gloves)
MR       .....                  (no boots)
Stlth    ..........             (no amulet)
HPRegen  0.18/turn              (no ring)
MPRegen  0.10/turn              (no ring)

@: corroded
A: no striking features
a: no special abilities


You were on level 3 of the Dungeon.
You were not hungry.

You visited 1 branch of the dungeon, and saw 3 of its levels.

You collected 180 gold pieces.

Inventory:

Hand Weapons
 a - a +0 war axe (weapon)
Armour
 b - a +0 scale mail (worn)
 c - a +0 shield (worn)
Jewellery
 m - an uncursed ring of poison resistance {unknown}
Scrolls
 g - 3 scrolls of remove curse {unknown}
 h - a scroll of magic mapping {unknown}
 i - 6 scrolls of identify {unknown}
 l - 3 scrolls of immolation {unknown}
 o - a scroll of fear {unknown}
 q - a scroll of enchant weapon {unknown}
 r - a scroll of enchant armour {unknown}
Potions
 d - a potion of might
 e - 2 potions of invisibility
 j - a potion of degeneration {unknown}
 k - a potion of flight {unknown}
 p - 2 potions of curing {unknown}
Comestibles
 f - 10 rations
 n - 5 chunks of flesh


   Skills:
 + Level 4.8 Fighting
 * Level 5.4 Axes
 + Level 4.2 Armour
 + Level 4.3 Shields


You had 5 spell levels left.
You didn't know any spells.
Your spell library was empty.

Dungeon Overview and Level Annotations

Branches:
Dungeon (3/15)

Altars:

Annotations:
D:3 Ijyb


Message History

Your shield prevents you from hitting Ijyb.
Ijyb is almost dead.
You block Ijyb's attack.
You closely miss Ijyb.
Ijyb is almost dead.
Ijyb screams, "You nasty!
Big nasty!"
Ijyb zaps a wand.
The bolt of acid hits you! The acid corrodes you!
You are splashed with acid!
The acid burns!
* * * LOW HITPOINT WARNING * * *
You barely miss Ijyb.
Ijyb is almost dead.
Ijyb completely misses you. Ijyb barely misses you.
Your shield and scale mail prevent you from hitting Ijyb.
Ijyb is severely wounded.
Ijyb hits you.
* * * LOW HITPOINT WARNING * * *
You barely miss Ijyb.
Ijyb is severely wounded.
Ijyb zaps a wand.
The bolt of acid hits you!
You die...

..#####.##.#.##8.....8###
#.##(#..#.......#
#.##)##.#8.....8#
####.##)##.#.......# ##
#........).#8.)...8# #.
#.......##.#.......# ..
#.......##.........# #.
#.......######.##### #.
#....@..# #.#
###.####...g...# #.#
#..............# #.#
#.#..#)###.##### #.#
#..#.###.# #.# #.....##.#
### #.#
##.#..##.###.######.#
#.#........<.......#
..........###.########


You could see Ijyb.

Vanquished Creatures
  2 orc priests
  A hound skeleton (D:3)
  6 adders (D:2)
  An ooze (D:3)
  2 worms (D:3)
  3 dart slugs
  A leopard gecko (D:1)
  12 orcs
  12 bats
  2 giant cockroaches
  12 goblins
  7 hobgoblins
  3 ball pythons (D:2)
  5 frilled lizards
  6 kobolds
  7 rats
82 creatures vanquished.

Notes
Turn   | Place    | Note
-------+----------+-------------------------------------------
     0 | D:1      | aMcNicky the Hill Orc Fighter began the quest for the Orb.
     0 | D:1      | Reached XP level 1. HP: 19/19 MP: 1/1
   292 | D:1      | Reached skill level 3 in Axes
   292 | D:1      | Reached XP level 2. HP: 27/27 MP: 2/2
   384 | D:1      | You fall through a shaft!
   612 | D:1      | Reached XP level 3. HP: 33/33 MP: 3/3
  1096 | D:2      | Reached skill level 4 in Axes
  1096 | D:2      | Reached XP level 4. HP: 8/40 MP: 4/4
  1101 | D:2      | HP: 3/60 [poisoned by an adder]
  1109 | D:2      | HP: 3/60 [poisoned by an adder]
  1117 | D:2      | HP: 2/60 [poisoned by an adder]
  1833 | D:2      | Reached XP level 5. HP: 28/47 MP: 5/5
  2514 | D:3      | Reached skill level 5 in Axes
  2879 | D:3      | Reached XP level 6. HP: 36/53 MP: 6/6
  3042 | D:3      | Noticed Ijyb
  3056 | D:3      | Killed from afar by Ijyb

Skill      XL: |  1  2  3  4  5 |
---------------+----------------+-----
Axes           | 3 4 5 |  5.4
Fighting       | 4 |  4.8
Shields        | 4 |  4.3
Armour         | 4 |  4.2

Action                   |  1- 3 |  4- 6 || total
-------------------------+-------+-------++-------
Melee: War axe           |   109 |   177 ||   286
  Use: Potion            |     1 |     1 ||     2
 Stab: Invisible         |     1 |     1 ||     2
  Eat: Chunk             |     1 |     3 ||     4
       Ration            |       |     1 ||     1
Armor: Scale mail        |    60 |    52 ||   112
Dodge: Dodged            |    57 |    55 ||   112
Block: Shield            |    77 |   104 ||   181
